 Dungeon Crawl Stone Soup version 0.21.1-1-g345015fe64 (webtiles) character file.

237 Ivernyr the Magician (level 5, -3/42 HPs)
             Began as a Draconian Wizard on May 2, 2018.
             Slain by Grinder (8 damage)
             ... on level 3 of the Dungeon.
             The game lasted 00:12:11 (4777 turns).

Ivernyr the Magician (Draconian Wizard)             Turns: 4777, Time: 00:12:12

Health: -3/42      AC:  6    Str:  9    XL:     5   Next: 77%
Magic:  3/11       EV: 12    Int: 20    God:
Gold:   105        SH:  0    Dex:  9    Spells: 3/12 levels left

rFire    . . .     SeeInvis .   a - +1 scythe (slice)
rCold    . . .     Gourm    .   (shield currently unavailable)
rNeg     . . .     Faith    .   (armour unavailable)
rPois    .         Spirit   .   (helmet restricted)
rElec    .         Reflect  .   m - +0 cloak
rCorr    .         Harm     .   (no gloves)
MR       .....                  (no boots)
Stlth    ++........             (no amulet)
HPRegen  0.14/turn              (no ring)
MPRegen  0.12/turn              (no ring)

@: no status effects
A: unfitting armour, cold-blooded, AC +5
a: no special abilities


You were on level 3 of the Dungeon.
You were not hungry.

You visited 1 branch of the dungeon, and saw 3 of its levels.

You collected 105 gold pieces.

Inventory:

Hand Weapons
 a - a +1 scythe of slicing (weapon)
Missiles
 e - 5 javelins (quivered)
Armour
 m - a +0 cloak (worn)
Scrolls
 d - 3 scrolls of enchant armour {unknown}
 g - 2 scrolls of identify {unknown}
 h - a scroll of enchant weapon {unknown}
 k - a scroll of blinking {unknown}
 l - a scroll of noise {unknown}
 o - a scroll of random uselessness {unknown}
 q - a scroll of remove curse {unknown}
Potions
 f - a potion of curing {unknown}
 i - 2 potions of mutation {unknown}
 j - a potion of might {unknown}
 n - a potion of cancellation {unknown}
 p - a potion of haste
 r - a potion of heal wounds {unknown}
 s - a potion of agility {unknown}
 t - a potion of brilliance {unknown}
 v - a potion of resistance {unknown}
Books
 b - a book of Minor Magic

   Spells                             Type                      Level
   a - Magic Dart                     Conjuration                  1
   b - Blink                          Translocation                2
   c - Call Imp                       Summoning                    2
   d - Slow                           Hexes                        2
   e - Conjure Flame                  Conjuration/Fire             3
   f - Mephitic Cloud                 Conjuration/Poison/Air       3
Comestibles
 c - 4 rations


   Skills:
 + Level 2.7 Fighting
 - Level 2.0 Dodging
 - Level 1.7 Stealth
 + Level 4.2 Spellcasting
 * Level 3.7 Conjurations
   Level 1.0 Summonings
 - Level 1.0 Translocations


You had 3 spell levels left.
You knew the following spells:

 Your Spells              Type           Power        Failure   Level  Hunger
a - Magic Dart            Conj           ###.         2%          1    None
b - Blink                 Tloc           N/A          12%         2    #......
c - Conjure Flame         Conj/Fire      ##......     17%         3    ###....
d - Mephitic Cloud        Conj/Pois/Air  #.......     22%         3    ###....


Dungeon Overview and Level Annotations

Branches:
Dungeon (3/15)

Altars:
Kikubaaqudgha
Wu Jian

Annotations:
D:3 Grinder


Innate Abilities, Weirdness & Mutations

Your plain brown scales are hard. (AC +5)
You cannot fit into any form of body armour.
You are cold-blooded and may be slowed by cold attacks.


Message History

Grinder hits you!
You writhe in agony.
* * * LOW HITPOINT WARNING * * *
Grinder barely misses you.
Casting: Conjure Flame
Confirm with . or Enter, or press ? or * to list all spells.
You blink.
Grinder blinks!
Grinder gestures at you.
You suddenly lose the ability to move!
Grinder hits you but does no damage. Grinder hits you.
* * * LOW HITPOINT WARNING * * *
You writhe in agony.
* * * LOW HITPOINT WARNING * * *
You can move again.
There is an escape hatch in the floor here.
You closely miss Grinder.
Grinder is moderately wounded.
Grinder closely misses you. Grinder hits you!
You die...

#......# #...# #......# #...#
#......# #...# #####......###...#
............##...#
.................#
....)............## #####
..................# #.....
...........).).5@.# #####......
...........[......# ##..........
..................####....(......
......>.......####.....((........
..............# ##.##............
............#.###..##............
.####.......#.....####...........
.####.#.#.###.###................
....#.#.......###.#...####.......


You could see Grinder.

Vanquished Creatures
  Sigmund (D:3)
  2 adders
  An ooze (D:1)
  A worm (D:2)
  A dart slug (D:1)
  2 leopard geckos
  6 orcs (D:3)
  4 bats
  3 giant cockroaches (D:1)
  A goblin (D:1)
  9 hobgoblins
  2 ball pythons
  6 frilled lizards
  8 kobolds
  8 rats
55 creatures vanquished.

Notes
Turn   | Place    | Note
-------+----------+-------------------------------------------
     0 | D:1      | Ivernyr the Draconian Wizard began the quest for the Orb.
     0 | D:1      | Reached XP level 1. HP: 14/14 MP: 4/4
   226 | D:1      | Reached XP level 2. HP: 10/20 MP: 0/6
   230 | D:1      | Learned a level 2 spell: Blink
   854 | D:1      | Reached XP level 3. HP: 27/27 MP: 1/8
  1112 | D:1      | Reached skill level 1 in Fighting
  1189 | D:1      | Learned a level 3 spell: Conjure Flame
  1193 | D:1      | Learned a level 3 spell: Mephitic Cloud
  1443 | D:2      | Found an ancient bone altar of Kikubaaqudgha.
  2570 | D:3      | Noticed Grinder
  3299 | D:3      | Found an ornate altar of the Wu Jian Council.
  3607 | D:3      | Reached XP level 4. HP: 25/35 MP: 0/9
  4167 | D:3      | Noticed Sigmund
  4355 | D:3      | Paralysed by Grinder for 3 turns
  4363 | D:3      | Paralysed by Grinder for 4 turns
  4653 | D:3      | Killed Sigmund
  4653 | D:3      | Reached skill level 4 in Spellcasting
  4653 | D:3      | Reached XP level 5. HP: 41/42 MP: 1/11
  4768 | D:3      | Paralysed by Grinder for 7 turns
  4777 | D:3      | Slain by Grinder

Skill      XL: |  1  2  3  4 |
---------------+-------------+-----
Dodging        | 2 |  2.0
Fighting       | 1 2 |  2.7
Conjurations   | 2 3 |  3.7
Spellcasting   | 4 |  4.2
Stealth        | |  1.7
Summonings     | |  1.0
Translocations | |  1.0

Action                   |  1- 3 |  4- 6 || total
-------------------------+-------+-------++-------
Melee: Spear             |    46 |    24 ||    70
       Unarmed           |    12 |       ||    12
       Tailslap          |     4 |     3 ||     7
       Scythe            |       |     5 ||     5
Throw: Javelin           |     1 |       ||     1
 Cast: Magic Dart        |   131 |    30 ||   161
       Mephitic Cloud    |       |     2 ||     2
       Conjure Flame     |       |     3 ||     3
       Blink             |       |     1 ||     1
  Eat: Chunk             |     8 |     4 ||    12
Armor: Skin              |    28 |     9 ||    37
Dodge: Dodged            |    58 |    25 ||    83
